 Dungeon Sprint DCSS version 0.31-a0-716-gc7603755dd (webtiles) character file.

Game seed: 3914385232954559900

744 browni3141 the Grappler (level 7, -10/74 HPs)
             Began as a Troll Shapeshifter on Sept 10, 2023.
             Mangled by a sun demon (16 damage)
             ... summoned by a kobold demonologist
             ... in the Dungeon (Sprint I: "Red Sonja").
             The game lasted 00:01:07 (109 turns).

browni3141 the Grappler (Troll Shapeshifter)         Turns: 109, Time: 00:01:07

Health: -10/74     AC:  4    Str: 23    XL:     7   Next: 47%
Magic:  6/6        EV: 11    Int:  6    God:
Gold:   270        SH:  0    Dex: 11    Spells: 6/6 levels left

rFire   . .          .
                       - Unarmed
rCold   . . .        (no shield)
rNeg    . . .        a - +0 animal skin
rPois   .            (helmet currently unavailable)
rElec   .            (cloak currently unavailable)
rCorr   .            (gloves unavailable)
SInv    .            (boots unavailable)
Will    .....        (no amulet)
Stlth   +            (no ring)
HPRegen 1.12/turn    (no ring)
MPRegen 0.10/turn

%: no teleportation
@: beast-form
A: beast (slay +4), large, unfitting armour, claws 3, regeneration 1, shaggy fur
1, tough skin 1
a: Begin Untransformation


You were in the Dungeon.
You were a hulking beast.
You visited 1 branch You collected 270 gold pieces.

Inventory:

Armour
 a - a +0 animal skin (worn)
Talismans
 c - a beast talisman (active)
 d - a flux talisman
Wands
 k - a wand of charming (5)
Scrolls
 j - a scroll of blinking
Potions
 b - a potion of lignification
 e - a potion of curing
 f - a potion of heal wounds
 g - a potion of haste
 h - 2 potions of magic
 i - a potion of berserk rage


   Skills:
 + Level 5.8 Fighting
 + Level 6.1 Dodging
 + Level 8.4 Unarmed Combat
 + Level 5.1 Evocations
 + Level 8.0 Shapeshifting


You had 6 spell levels left.
You didn't know any spells.
Your spell library was empty.

Dungeon Overview and Level Annotations

Branches:
Dungeon (1/1)

Altars:
Makhleb
Xom
Jiyva
Lugonu


Innate Abilities, Weirdness & Mutations

You are a hulking beast.
Your limbs bulge with bestial killing power. (Slay +4)
You are too large for most types of armour.
You have claws for hands.
Your natural rate of healing is unusually fast.
You are covered in fur. (AC +1)
You have tough skin. (AC +1)


Message History

The white imp is severely wounded.
The white imp hits you but does no damage.
You scratch the white imp.
You kill the white imp!
The white imp disappears in a puff of smoke!
The kobold demonologist hits you but does no damage.
The kobold demonologist hits you with a +0 dagger.
There is an open door, spattered with blood here.
You scratch the kobold demonologist.
The kobold demonologist is lightly wounded.
The kobold demonologist gestures wildly while chanting.
The kobold demonologist casts a cantrip, but nothing happens.
You claw the kobold demonologist!
Your claw misses the kobold demonologist.
The kobold demonologist is heavily wounded.
The kobold demonologist hits you but does no damage.
The kobold demonologist hits you with a +0 dagger.
You mangle the kobold demonologist!!
You kill the kobold demonologist!
The kobold demonologist casts a spell.
Your Dodging skill increases to level 6!
Your Unarmed Combat skill increases to level 8!
Your Evocations skill increases to level 5!
Your Shapeshifting skill increases to level 8!
You have reached level 7!
Unknown command.
You miss the kobold demonologist.
The kobold demonologist closely misses you.
You claw the kobold demonologist!
The kobold demonologist is moderately wounded.
The sun demon hits you!
You are engulfed in flames!
The chaos spawn gores you! The chaos spawn shocks you!
* * * LOW HITPOINT WARNING * * *
The kobold demonologist barely misses you.
You claw the kobold demonologist!
The kobold demonologist is severely wounded.
The sun demon hits you!
* * * LOW HITPOINT WARNING * * *
You are engulfed in flames!
You die...

#####################
.)..#..'..#__#.4h35.#
.#..').#..'..'..#K5.#
###'#####+#__####...+
#..# #### #### ####


You could see a sun demon (summoned), a kobold demonologist, a chaos spawn
(summoned), an iron imp (summoned) and a white imp (summoned).

Vanquished Creatures
  A kobold demonologist (D)
  Sigmund (D)
  A slime creature (D)
  A floating eye (D)
  An ogre (D)
  Ijyb (D)
6 creatures vanquished.

Notes
Turn   | Place    | Note
-------+----------+-------------------------------------------
     0 | D        | browni3141 the Troll Shapeshifter began the quest for the
                  | Orb.
     0 | D        | Reached XP level 1. HP: 18/18 MP: 0/0
     2 | D        | Noticed Ijyb
    14 | D        | Killed Ijyb
    15 | D        | Reached skill level 1 in Fighting
    15 | D        | Reached XP level 2. HP: 12/27 MP: 1/1
    30 | D        | Noticed an ogre
    33 | D        | Killed an ogre
    34 | D        | Reached skill level 5 in Unarmed Combat
    34 | D        | Reached skill level 5 in Shapeshifting
    34 | D        | Reached XP level 3. HP: 36/36 MP: 2/2
    34 | D        | Reached XP level 4. HP: 44/44 MP: 3/3
    44 | D        | Noticed Sigmund
    49 | D        | Killed Sigmund
    50 | D        | Reached XP level 5. HP: 52/54 MP: 4/4
    50 | D        | Reached XP level 6. HP: 60/62 MP: 5/5
    62 | D        | Found a burning altar of Makhleb.
    62 | D        | Found a viscous altar of Jiyva.
    62 | D        | Found a shimmering altar of Xom.
    62 | D        | Found a corrupted altar of Lugonu.
    62 | D        | Noticed a slime creature
    69 | D        | Killed a slime creature
    70 | D        | Reached skill level 5 in Dodging
    96 | D        | Noticed a kobold demonologist
    96 | D        | Noticed a floating eye
    96 | D        | Noticed a kobold demonologist
    99 | D        | Killed a floating eye
   100 | D        | Reached skill level 5 in Fighting
   105 | D        | Noticed a sun demon
   106 | D        | Killed a kobold demonologist
   107 | D        | Reached skill level 5 in Evocations
   107 | D        | Reached XP level 7. HP: 66/74 MP: 6/6
   107 | D        | Noticed a chaos spawn
   109 | D        | Mangled by a sun demon

Illustrated notes

Levels and vault maps discovered:
D:        dungeon_sprint_1 [red_sonja_temple_1, red_sonja_temple_small_1]

Skill      XL: |  1  2  3  4  5  6 |
---------------+-------------------+-----
Fighting       | 1 2 4 5 |  5.8
Dodging        | 2 3 4 6 |  6.1
Unarmed Combat | 4 5 6 8 |  8.4
Shapeshifting  | 4 5 6 8 |  8.0
Evocations     | 2 3 5 |  5.1

Action                     |  1- 3 |  4- 6 |  7- 9 || total
---------------------------+-------+-------+-------++-------
  Melee: Unarmed           |    11 |    18 |     3 ||    32
 Armour: Animal skin       |     6 |     9 |     3 ||    18
  Dodge: Dodged            |     4 |     2 |     2 ||     8

Table legend: (Time is in decaauts)
 A = Elapsed time spent in this place.
 B = Non-inter-level travel time spent in this place.
 C = Inter-level travel time spent in this place.
 D = Time resting spent in this place.
 E = Time spent auto-exploring this place.
 F = Levels seen in this place.
 G = Mean time per level.
                   A        B        C        D        E       F      G
               +--------+--------+--------+--------+--------+-----+--------+
         Total |    106 |    106 |      0 |     24 |      0 |   1 |  106.0 |
       Dungeon |    106 |    106 |      0 |     24 |      0 |   1 |  106.0 |
               +--------+--------+--------+--------+--------+-----+--------+

Top non-repeatable levels by time:
       D: 106 daAuts
